 Dungeon Crawl Stone Soup version 0.26-a0-597-gb535b0901c (webtiles) character file.

Game seed: 5435098864720847404

16874 MrRokkomies the Fighter (level 11, -3/104 HPs)
             Began as a Demigod Wanderer on Aug 27, 2020.
             Slain by an ice beast (10 damage)
             ... summoned by an ice statue
             ... in an ice cave.
             The game lasted 00:33:41 (19110 turns).

MrRokkomies the Fighter (Demigod Wanderer)         Turns: 19110, Time: 00:33:41

Health: -3/104     AC: 10    Str: 21    XL:     11   Next: 85%
Magic:  0/14       EV: 16    Int: 23    God:
Gold:   266        SH:  0    Dex: 15    Spells: 10/10 levels left

rFire    + . .     SeeInvis .   o - +1 demon trident (elec)
rCold    . . .     Faith    .   (no shield)
rNeg     + . .     Spirit   +   r - +0 scale mail {MR+}
rPois    .         Reflect  .   e - +1 hat {MR+}
rElec    .         Harm     .   j - +1 cloak
rCorr    .                      (no gloves)
MR       +++..                  E - +0 pair of boots
Stlth    +.........             C - amulet of guardian spirit
HPRegen  0.27/turn              l - ring of positive energy
MPRegen  0.14/turn              L - ring of the Protecting Pariah {rF+ Str+5 Int+2}

@: no status effects
A: high mp 1
a: no special abilities


You were in an ice cave.
You visited 3 branches of the dungeon, and saw 12 of its levels.
You also visited: Ice Cave.

You collected 1003 gold pieces.
You spent 737 gold pieces at shops.

Inventory:

Hand Weapons
 a - the +8 mace "Quahicre" {vorpal, +Rage rPois Str-2}
   (You found it on level 4 of the Dungeon)

   It inflicts extra damage upon your enemies.
   It affects your strength (-2).
   It protects you from poison.
   It lets you go berserk.
 b - a +4 vorpal glaive
 f - a +2 vampiric spear
 o - a +1 demon trident of electrocution (weapon)
Missiles
 c - 12 poisoned darts
 k - 16 boomerangs (quivered)
 n - 3 throwing nets
 y - 5 curare-tipped darts
 B - 5 javelins
Armour
 e - a +1 hat of magic resistance (worn)
 j - a +1 cloak (worn)
 r - a +0 scale mail of magic resistance (worn)
 u - a +3 scale mail of fire resistance
 E - a +0 pair of boots (worn)
Jewellery
 l - a ring of positive energy (left hand)
 A - an uncursed ring of fire
 C - an amulet of guardian spirit (around neck)
 L - the ring of the Protecting Pariah (right hand) {rF+ Str+5 Int+2}
   (You bought it in a shop on level 6 of the Dungeon)

   [ring of protection from fire]

   It affects your strength (+5).
   It affects your intelligence (+2).
   It protects you from fire.
Wands
 F - a wand of digging (2)
 I - a wand of flame (28)
 J - a wand of iceblast (11)
Scrolls
 d - 2 scrolls of immolation
 h - 2 scrolls of magic mapping
 i - a scroll of identify
 s - 5 scrolls of amnesia
 x - 6 scrolls of remove curse
 G - a scroll of enchant armour
Potions
 g - 5 potions of cancellation
 m - a potion of resistance
 p - a potion of brilliance
 q - 2 potions of might
 t - a potion of invisibility {unknown}
 v - 3 potions of flight
 z - 2 potions of stabbing {unknown}
 K - 2 potions of lignification
Miscellaneous
 H - a box of beasts (2/3)


   Skills:
 + Level 12.1 Fighting
 * Level 7.9 Polearms
 - Level 5.0 Throwing
 - Level 1.0 Armour
 + Level 10.2 Dodging
 - Level 2.6 Stealth
 - Level 1.0 Unarmed Combat
 + Level 2.6 Evocations


You had 10 spell levels left.
You didn't know any spells.
Your spell library contained the following spells:

 Spells                   Type           Power        Failure   Level
 Corona                   Hex            #......      41%         1
 Slow                     Hex            #.......     54%         2
 Inner Flame              Hex/Fire       #.......     78%         3
 Portal Projectile        Hex/Tloc       #.....       78%         3
 Cause Fear               Hex            #.........   99%         4
 Leda's Liquefaction      Hex/Erth       #.........   99%         4


Dungeon Overview and Level Annotations

Branches:
Dungeon (10/15)            Temple (0/1) D:6            Lair (1/6) D:10
    Orc (1/2) D:10          IceCv (1/1)

Shops:
D:6 =   D:7 [   D:10 ([   Orc:1 :

Portals:
Trove: D:10 (show slimy rune of Zot)

Annotations:
D:7 2 transporters, ANON1729's ghost, novice DsDe
D:9 2 transporters, MrRokkomies's ghost, novice DgCj IceCv exclusion: ice statue


Innate Abilities, Weirdness & Mutations

You have an increased reservoir of magic. (+10% MP)


Message History

You are engulfed in freezing vapours.
* * * LOW HITPOINT WARNING * * *
The ice beast hits you.
* * * LOW HITPOINT WARNING * * *
The ice beast freezes you!
* * * LOW HITPOINT WARNING * * *
There is an ice choked empty arch of ancient stone here.
You barely miss the ice beast. You hit the ice beast.
The ice beast is moderately wounded.
The ice beast misses you.
You hit the ice beast.
The ice beast is heavily wounded.
The ice beast completely misses you.
You barely miss the ice beast.
The ice beast is heavily wounded.
The ice beast hits you.
* * * LOW HITPOINT WARNING * * *
The ice beast freezes you!
You die...

#.# #.#
#.# #.#
##.##
##...##
##..\..##
#.......#
#...@...#
##..Y..##
##...##
#...##
##...#
##...#
##...##
#...##
#..##


You could see an ice beast (summoned).

Vanquished Creatures
  Gastronok (Orc:1)
  Urug (D:10)
  2 unseen horrors (D:10)
  Pikel (D:4)
  An orc knight (D:10)
  An orc sorcerer (Orc:1)
  2 cyclopes (Orc:1)
  An ice statue (IceCv)
  Joseph (D:7)
  Maggie (D:9)
  Maurice (D:9)
  A cane toad (D:10)
  A komodo dragon (D:10)
  2 rime drakes (Lair:1)
  An ice devil (IceCv)
  A troll (D:10)
  Grinder (D:4)
  Prince Ribbit (D:7)
  3 hippogriffs
  Sigmund (D:4)
  A wyvern (D:10)
  A basilisk (Lair:1)
  2 steam dragons
  A warg (Orc:1)
  3 water moccasins
  5 ice beasts
  5 orc warriors
  4 black bears
  A sky beast (D:9)
  A necrophage (D:8)
  3 phantoms
  A swamp drake (D:10)
  2 ogres
  6 centaurs
  4 crocodiles
  Blork the orc (D:4)
  6 bullfrogs
  A wyvern zombie (D:10)
  6 scorpions
  13 killer bees
  11 wights
  3 howler monkeys
  4 crimson imps (D:3)
  2 centaur zombies
  4 hounds
  2 quasits
  2 jellies
  2 centaur skeletons (D:9)
  12 orc wizards
  A gnoll shaman (D:7)
  8 orc priests
  3 bullfrog skeletons
  9 iguanas
  5 worker ants
  A hound zombie (D:7)
  A hound skeleton (D:9)
  13 gnolls
  4 adders
  A shadow imp (D:5)
  8 white imps
  An ooze (D:3)
  9 ufetubi
  An adder skeleton (D:9)
  8 worms
  3 dart slugs
  8 leopard geckos
  59 orcs
  10 giant cockroaches
  6 goblins
  8 hobgoblins
  12 jackals
  3 quokkas
  8 bats
  5 frilled lizards
  4 kobolds
  A leopard gecko skeleton (D:7)
  3 quokka skeletons
  3 rats
340 creatures vanquished.

Vanquished Creatures (others)
  A reaper (IceCv)
  A centaur (D:10)
  2 white imps (IceCv)
  3 ufetubi (IceCv)
  6 plants (D:9)
13 creatures vanquished.

Grand Total: 353 creatures vanquished

Notes
Turn   | Place    | Note
-------+----------+-------------------------------------------
     0 | D:1      | MrRokkomies the Demigod Wanderer began the quest for the
                  | Orb.
     0 | D:1      | MrRokkomies set off with the following items: a +0 dagger,
                  | a potion of lignification, 7 poisoned darts, 2 potions of
                  | heal wounds, a +0 robe
     0 | D:1      | Reached XP level 1. HP: 19/19 MP: 3/3
   324 | D:1      | Reached XP level 2. HP: 26/27 MP: 4/4
   604 | D:1      | Reached skill level 1 in Dodging
  1154 | D:2      | Reached skill level 4 in Fighting
  1302 | D:2      | Reached XP level 3. HP: 17/33 MP: 5/5
  2384 | D:3      | Reached skill level 1 in Polearms
  2384 | D:3      | Reached XP level 4. HP: 11/41 MP: 6/6
  2864 | D:3      | Found a shimmering altar of Xom.
  2908 | D:3      | Reached XP level 5. HP: 38/47 MP: 7/7
  3912 | D:4      | Noticed Grinder
  3936 | D:4      | Killed Grinder
  3936 | D:4      | Reached skill level 5 in Fighting
  3936 | D:4      | Reached XP level 6. HP: 55/56 MP: 8/8
  4329 | D:4      | Noticed Pikel
  4353 | D:4      | Noticed Sigmund
  4362 | D:4      | Killed Pikel
  4362 | D:4      | Reached skill level 6 in Fighting
  4362 | D:4      | Reached XP level 7. HP: 45/63 MP: 9/9
  4662 | D:4      | Killed Sigmund
  4662 | D:4      | Reached XP level 8. HP: 58/71 MP: 10/10
  4747 | D:4      | Noticed Blork the orc
  4753 | D:4      | Killed Blork the orc
  4820 | D:4      | Found an opulent altar of Gozag.
  5081 | D:4      | Found a burning altar of Makhleb.
  5146 | D:4      | Reached skill level 5 in Polearms
  5354 | D:4      | Got a slimy mace
  5355 | D:4      | Identified the +8 mace "Quahicre" {vorpal, +Rage rPois
                  | Str-2} (You found it on level 4 of the Dungeon)
  5361 | D:5      | Entered Level 5 of the Dungeon
  5570 | D:4      | Reached skill level 7 in Fighting
  6294 | D:5      | Found a sparkling altar of Nemelex Xobeh.
  6481 | D:6      | Found a staircase to the Ecumenical Temple.
  6723 | D:6      | Reached skill level 8 in Fighting
  6723 | D:6      | Reached skill level 5 in Dodging
  6723 | D:6      | Reached XP level 9. HP: 41/81 MP: 11/11
  7088 | D:6      | Found a sacrificial altar of Ru.
  7217 | D:6      | Reached skill level 5 in Throwing
  7987 | D:6      | Found Guemao's Jewellery Boutique.
  8076 | D:6      | Found a hazy altar of Hepliaklqana.
  8247 | D:7      | Found Noshaw's Armour Shoppe.
  8248 | D:7      | Noticed Joseph
  8782 | D:7      | Killed Joseph
  8782 | D:7      | Reached skill level 9 in Fighting
  8795 | D:7      | Bought a +1 hat of magic resistance for 224 gold pieces
  9184 | D:7      | Found a transporter.
  9184 | D:7      | Noticed ANON1729's ghost (novice DsDe)
  9753 | D:7      | Noticed Prince Ribbit
  9763 | D:7      | Killed Prince Ribbit
  9763 | D:7      | Reached skill level 10 in Fighting
 10011 | D:7      | Found a glowing silver altar of Zin.
 10023 | D:7      | Found a transporter.
 10207 | D:8      | Reached XP level 10. HP: 77/93 MP: 11/13
 10778 | D:8      | Found an iron altar of Okawaru.
 11691 | D:10     | Entered Level 10 of the Dungeon
 12184 | D:9      | HP: 2/93 [killer bee (3)]
 12579 | D:9      | Found a transporter.
 12615 | D:9      | Reached skill level 11 in Fighting
 12895 | D:9      | Noticed Maurice
 12922 | D:9      | Killed Maurice
 13033 | D:9      | Found a transporter.
 13058 | D:9      | Noticed a skeletal warrior
 13060 | D:9      | Noticed MrRokkomies's ghost (novice DgCj)
 13068 | D:9      | Noticed Maggie
 13088 | D:9      | Killed Maggie
 13614 | D:9      | Found a snail-covered altar of Cheibriados.
 14140 | D:10     | Found Ycefaoph's Weapon Shop.
 14141 | D:10     | Noticed an orc knight
 14162 | D:10     | Killed an orc knight
 14174 | D:10     | HP: 4/96 [something (4)]
 14691 | D:10     | Reached XP level 11. HP: 92/102 MP: 14/14
 15088 | D:10     | Found a staircase to the Lair.
 15164 | D:10     | Killed an unseen horror
 15492 | D:10     | Found a portal to a secret trove of treasure.
 15507 | D:10     | Noticed Urug
 15539 | D:10     | Killed Urug
 15615 | D:10     | Found Duun Tau's Armour Shop.
 15618 | D:10     | Killed an unseen horror
 15999 | D:10     | Found a staircase to the Orcish Mines.
 16215 | Orc:1    | Entered Level 1 of the Orcish Mines
 16334 | Orc:1    | Noticed a sixfirhy
 17033 | Orc:1    | Noticed Gastronok
 17054 | Orc:1    | Killed Gastronok
 17054 | Orc:1    | Reached skill level 10 in Dodging
 17054 | Orc:1    | Reached skill level 1 in Evocations
 17156 | Orc:1    | Found Tevval's Book Shop.
 17172 | Orc:1    | Reached skill level 12 in Fighting
 17262 | Orc:1    | Found an iron altar of Okawaru.
 17711 | D:6      | Bought the ring of the Protecting Pariah {rF+ Str+5 Int+2}
                  | for 513 gold pieces
 17846 | Lair:1   | Entered Level 1 of the Lair of Beasts
 17960 | Lair:1   | Found a frozen archway.
 17981 | IceCv    | Entered an ice cave
 18756 | IceCv    | Killed a reaper
 19110 | IceCv    | Slain by an ice beast

Illustrated notes

Levels and vault maps discovered:
D:1:      dpeg_arrival_radiant, layout_basic
D:2:      layout_basic, corexii_leaking_fountain
D:3:      layout_basic, led_xom_imps
D:4:      layout_gridville, nicolae_overflow_hidden_temple, lemuel_round_altar,
          uniq_grinder, uniq_sigmund, uniq_blork_the_orc, uniq_pikel
D:5:      layout_rooms, nemelex_xobeh_ov_fountains_minmay
D:6:      layout_loops_corners, lemuel_coloured_pillars_altar,
          overflow_temple_1_default, minmay_temple_entry_sparse_star,
          serial_shops, kennysheep_mini_moat, minmay_misc_feat_tiny,
          minmay_misc_feat_square
D:7:      layout_rooms, lemuel_doored_altar, gammafunk_ghost_mausoleum,
          serial_shops, shop, minmay_fractal_squares_5, uniq_prince_ribbit1,
          uniq_joseph
D:8:      layout_layer_cave, lemuel_crystal_altar
D:9:      layout_basic, slow_altar_2, gammafunk_ghost_mausoleum,
          minmay_lizard_king, uniq_maggie, uniq_maurice
D:10:     layout_loops_ring, erik_lair_dragon, orc_david_3,
          nicolae_trove_entry_free_sample, uniq_urug
Lair:1:   dpeg_oklob_gauntlet, layout_long_grid, portal_ice_cave_rime,
          serial_bayou_pond_c
Orc:1:    layout_caves, serial_shops, shop, okawaru_metal_pillars_3,
          uniq_gastronok
IceCv:    ice_cave_small_demon

Skill      XL: |  1  2  3  4  5  6  7  8  9 10 11 |
---------------+----------------------------------+-----
Dodging        | 1 2 3 5 6 9 10 | 10.2
Fighting       | 4 5 6 8 10 11 12 | 12.1
Polearms       | 1 3 4 5 7 |  7.9
Throwing       | 2 3 4 5 |  5.0
Evocations     | 2 |  2.6
Armour         | |  1.0
Stealth        | |  2.6
Unarmed Combat | |  1.0

Action                   |  1- 3 |  4- 6 |  7- 9 | 10-12 || total
-------------------------+-------+-------+-------+-------++-------
Melee: Dagger            |    34 |       |       |       ||    34
       Mace              |    94 |       |   288 |   356 ||   738
       Glaive            |    39 |   171 |    54 |       ||   264
       Punch             |       |       |     1 |       ||     1
       Demon trident     |       |       |       |   220 ||   220
Throw: Dart              |     3 |     6 |    13 |    71 ||    93
       Boomerang         |       |       |    22 |    48 ||    70
       Throwing net      |       |       |       |     3 ||     3
Evoke: Wand              |       |       |       |     1 ||     1
       Box of beasts     |       |       |       |     1 ||     1
  Use: Scroll            |     5 |     2 |     7 |     8 ||    22
       Potion            |       |     2 |     2 |    11 ||    15
 Stab: Sleeping          |     3 |       |       |       ||     3
       Held in net/web   |       |       |       |     1 ||     1
Armor: Robe              |    10 |       |       |       ||    10
       Scale mail        |   105 |   110 |   169 |   314 ||   698
       Skin              |       |       |       |     4 ||     4
Dodge: Dodged            |   159 |   115 |   316 |   571 ||  1161

Table legend: (Time is in decaauts)
 A = Elapsed time spent in this place.
 B = Non-inter-level travel time spent in this place.
 C = Inter-level travel time spent in this place.
 D = Time resting spent in this place.
 E = Time spent auto-exploring this place.
 F = Levels seen in this place.
 G = Mean time per level.
                   A        B        C        D        E       F      G
               +--------+--------+--------+--------+--------+-----+--------+
         Total |  19520 |  18793 |    727 |   3659 |  11914 |  13 | 1501.5 |
       Dungeon |  17232 |  16543 |    689 |   2795 |  10998 |  10 | 1723.2 |
          Lair |     59 |     59 |      0 |      0 |      0 |   1 |   59.0 |
  Orcish Mines |   1109 |   1072 |     37 |      0 |    901 |   1 | 1109.0 |
      Ice Cave |   1119 |   1119 |      0 |    864 |     15 |   1 | 1119.0 |
               +--------+--------+--------+--------+--------+-----+--------+

Top non-repeatable levels by time:
    D:10: 2924 daAuts
     D:6: 2541 daAuts
     D:9: 2196 daAuts
     D:3: 1839 daAuts
     D:4: 1588 daAuts
     D:7: 1571 daAuts
     D:8: 1522 daAuts
     D:2: 1129 daAuts
   IceCv: 1119 daAuts
   Orc:1: 1109 daAuts
     D:1: 1105 daAuts
     D:5: 812 daAuts
  Lair:1: 59 daAuts
